 Dungeon Crawl Stone Soup version 0.19.4 (webtiles) character file.

459 Naow the Magician (level 6, 0/32 HPs)
             Began as a Deep Elf Conjurer on Feb 1, 2017.
             Slain by Pikel
             ... wielding a +2 whip of flaming
              (4 damage)
             ... on level 4 of the Dungeon.
             The game lasted 00:09:17 (5400 turns).

Naow the Magician (Deep Elf Conjurer)               Turns: 5400, Time: 00:09:18

Health: 0/32       AC:  2    Str:  5    XL:     6   Next: 78%
Magic:  15/26      EV: 14    Int: 22    God:
Gold:   188        SH:  0    Dex: 15    Spells: 4 memorised, 5 levels left

rFire  . . .     SeeInvis .     t - +2 dagger (speed)
rCold  . . .     Gourm    .     a - +1 robe
rNeg   . . .     Faith    .     (no shield)
rPois  .         Spirit   .     (no helmet)
rElec  .         Reflect  .     A - +0 cloak
rCorr  .         Harm     .     y - +0 pair of gloves
MR     .....                    (no boots)
Stlth  ++........               u - amulet of rage
                                j - ring of magical power
                                e - -3 ring of protection (curse)

@: no status effects
A: no striking features
a: Evoke Berserk Rage


You were on level 4 of the Dungeon.
You were not hungry.

You visited 1 branch of the dungeon, and saw 4 of its levels.

You collected 188 gold pieces.

Inventory:

Hand Weapons
 t - a +2 dagger of speed (weapon)
Armour
 a - a +1 robe (worn)
 y - a +0 pair of gloves (worn)
 A - a +0 cloak (worn)
Jewellery
 e - a cursed -3 ring of protection (left hand)
 g - an uncursed ring of resist corrosion
 j - a ring of magical power (right hand)
 u - an amulet of rage (around neck)
Wands
 l - a wand of disintegration (9/24)
Scrolls
 m - 2 scrolls of immolation
 n - a scroll of fear
 s - a scroll of teleportation
 z - a scroll of identify
Potions
 d - a potion of berserk rage {unknown}
 f - a potion of invisibility {unknown}
 h - a potion of degeneration {unknown}
 i - a potion of mutation {unknown}
 o - 3 potions of brilliance
 p - a potion of might {unknown}
 v - a potion of curing
 w - 2 potions of resistance {unknown}
Books
 b - a book of Conjurations

   Spells                             Type                      Level
   a - Magic Dart                     Conjuration                  1
   b - Searing Ray                    Conjuration                  2
   c - Dazzling Spray                 Conjuration/Hexes            3
   d - Fulminant Prism                Conjuration/Hexes            4
   e - Iskenderun's Mystic Blast      Conjuration                  4
   f - Iskenderun's Battlesphere      Conjuration/Charms           5
Comestibles
 c - 3 bread rations
 k - 3 meat rations
 q - a slice of pizza
 r - 2 beef jerkies
 x - 2 chunks of flesh


   Skills:
 + Level 4.1 Dodging
 - Level 2.4 Stealth
 * Level 6.3 Spellcasting
 * Level 6.1 Conjurations
 * Level 4.0 Charms


You had 5 spell levels left.
You knew the following spells:

 Your Spells              Type           Power        Failure   Level  Hunger
a - Magic Dart            Conj           ####         1%          1    None
b - Searing Ray           Conj           ####..       1%          2    None
c - Iskenderun's Battles  Conj/Chrm      ####....     34%         5    #####..
d - Iskenderun's Mystic   Conj           ####....     10%         4    ###....


Dungeon Overview and Level Annotations

Branches:
Dungeon (4/15)
 Temple: D:4-7

Altars:

Annotations:
D:4 Pikel


Message History

Pikel hits you with a whip of flaming. Pikel burns you.
The searing ray hits Pikel.
Pikel is severely wounded.
Pikel hits you with a whip of flaming! Pikel burns you.
The searing ray hits Pikel.
Pikel is almost dead.
You finish channeling your searing ray.
Pikel hits you with a whip of flaming!
* * * LOW HITPOINT WARNING * * *
Pikel burns you.
* * * LOW HITPOINT WARNING * * *
Casting: Searing Ray
Confirm with . or Enter, or press ? or * to list all spells.
Aiming: Searing Ray
Press: ? - help, Shift-Dir - straight line, f/p - Pikel
Aim: Pikel, wielding a whip of flaming and wearing a robe (almost dead)
The searing ray hits Pikel.
Pikel is almost dead. (Press . to maintain the ray.) Pikel hits you with a whip of flaming.
You die...

#.###.# ###########.. #.#...#
#............ #.#.###
#............
#.#.#######............
###.รท.......'............ #
##.....#######............
#.##....#....# #............
#..'....#.##.# #............
####....#.##@####..........##
#....#.##.K..#..........#
#....#.#####.############
#....#.#####...######## ##
#...>..............K... .
#...##.#....K..######## #
########.......#### #######
.........#.#....#.# #....##
.#######.#.#.#..#.####.##.##


You could see Pikel.

Vanquished Creatures
  A slave (D:4)
  The ghost of Naow the Conjurer, an amateur DECj (D:3)
  A scorpion (D:4)
  A howler monkey (D:3)
  A hound (D:4)
  An orc priest (D:2)
  2 iguanas (D:4)
  A worker ant (D:4)
  Robin (D:3)
  4 adders
  An adder skeleton (D:4)
  5 worms
  A dart slug (D:1)
  6 leopard geckos
  7 orcs
  3 ball pythons
  10 bats
  5 giant cockroaches
  12 goblins
  10 hobgoblins
  2 jackals (D:4)
  9 kobolds
  3 quokkas
  4 frilled lizards
  A leopard gecko zombie (D:4)
  11 rats
104 creatures vanquished.

Notes
Turn   | Place    | Note
-------+----------+-------------------------------------------
     0 | D:1      | Naow the Deep Elf Conjurer began the quest for the Orb.
     0 | D:1      | Reached XP level 1. HP: 10/10 MP: 6/6
   138 | D:1      | Reached XP level 2. HP: 12/15 MP: 6/8
   202 | D:1      | Learned a level 2 spell: Searing Ray
   953 | D:2      | Reached XP level 3. HP: 19/19 MP: 3/10
  1988 | D:2      | Reached skill level 5 in Conjurations
  2075 | D:2      | Reached XP level 4. HP: 19/24 MP: 5/12
  2299 | D:3      | Noticed Robin
  2303 | D:2      | Reached skill level 5 in Spellcasting
  2519 | D:3      | Noticed Naow's ghost (amateur DECj)
  2819 | D:2      | Reached XP level 5. HP: 5/28 MP: 6/14
  3115 | D:2      | Learned a level 5 spell: Iskenderun's Battlesphere
  3120 | D:2      | Learned a level 4 spell: Iskenderun's Mystic Blast
  3268 | D:3      | Killed Robin
  3534 | D:3      | Killed Naow's ghost
  3534 | D:3      | Reached skill level 1 in Charms
  3819 | D:3      | Reached XP level 6. HP: 29/32 MP: 15/16
  4512 | D:4      | Noticed a slave
  4514 | D:4      | Noticed a slave
  4522 | D:4      | Noticed a slave
  4695 | D:4      | Noticed a slave
  4696 | D:4      | Noticed Pikel
  4991 | D:4      | Killed a slave
  5400 | D:4      | Slain by Pikel

Skill      XL: |  1  2  3  4  5  6 |
---------------+-------------------+-----
Spellcasting   | 4 5 6 |  6.3
Dodging        | 3 4 |  4.1
Conjurations   | 5 6 |  6.1
Charms         | 2 4 |  4.0
Stealth        | |  2.4

Action                   |  1- 3 |  4- 6 || total
-------------------------+-------+-------++-------
Melee: Unarmed           |     2 |     1 ||     3
 Cast: Magic Dart        |    87 |   125 ||   212
       Searing Ray       |     1 |    13 ||    14
       Iskenderun's Myst |       |     9 ||     9
  Use: Scroll            |       |    12 ||    12
       Potion            |       |     2 ||     2
  Eat: Chunk             |     3 |    12 ||    15
Armor: Robe              |     2 |     6 ||     8
Dodge: Dodged            |     5 |    44 ||    49
